 Dungeon Crawl Stone Soup version 0.16-a0-922-gae79c9c (webtiles) character file.

132 Ololoev the Cudgeler (level 5, 0/50 HPs)
             Began as an Ogre Hunter on Sept 30, 2014.
             Was an Initiate of Okawaru.
             Slain by a worker ant (3 damage)
             ... on Level 4 of the Dungeon.
             The game lasted 00:08:16 (2904 turns).

Ololoev the Cudgeler (Ogre Hunter)                  Turns: 2904, Time: 00:08:17

HP   0/50        AC  3     Str 17      XL: 5   Next: 15%
MP   5/5         EV 10     Int 10      God: Okawaru [......]
Gold 189         SH  0     Dex 11      Spells:  0 memorised,  4 levels left

rFire  . . .     SeeInvis .     h - +0 flail
rCold  . . .     Clarity  .     d - +0 animal skin
rNeg   . . .     rCorr    .     (shield restricted)
rPois  .         rRot     .     (helmet restricted)
rElec  .         Spirit   .     (no cloak)
SustAb .         Warding  .     (gloves unavailable)
rMut   .         Stasis   .     (boots unavailable)
Gourm  .                        (no amulet)
MR     .....                    (no ring)
                                (no ring)

@: not resistant to hostile enchantments, very unstealthy
A: unfitting armour, tough skin 1
a: Renounce Religion


You were on level 4 of the Dungeon.
You worshipped Okawaru.
Okawaru was noncommittal.
You were very hungry.

You visited 1 branch of the dungeon, and saw 4 of its levels.

You collected 189 gold pieces.

Inventory:

Hand weapons
 h - a +0 flail (weapon)
Armour
 d - a +0 animal skin (worn)
Magical devices
 a - a wand of invisibility (2)
Comestibles
 f - 4 meat rations
 j - 3 bread rations
 q - a slice of pizza
 s - 7 fruits
Scrolls
 g - a scroll of fog {unknown}
 i - a scroll of enchant armour {unknown}
 l - 2 scrolls of teleportation {unknown}
 r - a scroll of remove curse
 t - a scroll of identify
Potions
 c - a potion of heal wounds {unknown}
 e - 2 potions of brilliance
 k - 2 potions of agility
 n - a potion of might {unknown}
 o - a potion of restore abilities {unknown}
 p - a potion of cancellation {unknown}


   Skills:
 - Level 2.6 Fighting
 * Level 5.4 Maces & Flails
 + Level 5.2 Throwing
 - Level 1.7 Dodging
 - Level 0.7 Stealth


You had 4 spell levels left.
You didn't know any spells.

Dungeon Overview and Level Annotations

Branches:
Dungeon (4/15)
 Temple: D:4-7

Altars:
Gozag
Makhleb
Okawaru
Zin


Innate Abilities, Weirdness & Mutations

You are too large for most types of armour.
You have tough skin (AC +1).


Message History

The worker ant barely misses you. x2
You closely miss the worker ant.
The worker ant is severely wounded.
The worker ant closely misses you.
You closely miss the worker ant.
The worker ant is severely wounded.
The worker ant closely misses you.
You barely miss the worker ant.
The worker ant is severely wounded.
The worker ant bites you.
* * * LOW HITPOINT WARNING * * *
The worker ant bites you.
* * * LOW HITPOINT WARNING * * *
You hit the worker ant but do no damage.
The worker ant is severely wounded.
The worker ant closely misses you.
You hit the worker ant but do no damage.
The worker ant is severely wounded.
The worker ant bites you.
You die...

.. ######.#
#......#
##......###
#.........#
#...<.....#
#.........####
#.............
#....@........
#....a........
#............
#.........###
#%..........
#...........
##.(.(.....
######...


You could see a worker ant.

Vanquished Creatures
  Jessica (D:3)
  5 adders
  4 worms
  2 giant geckos (D:2)
  An ooze (D:2)
  2 orcs (D:3)
  A ball python (D:2)
  2 giant cockroaches (D:1)
  A hobgoblin (D:3)
  10 bats
  3 giant newts
  6 goblins
  2 jackals (D:2)
  5 kobolds
  4 rats
49 creatures vanquished.

Notes
Turn   | Place    | Note
--------------------------------------------------------------
     0 | D:1      | Ololoev, the Ogre Hunter, began the quest for the Orb.
     0 | D:1      | Reached XP level 1. HP: 22/22 MP: 1/1
   414 | D:1      | Reached XP level 2. HP: 25/29 MP: 2/2
   614 | D:2      | Reached XP level 3. HP: 11/36 MP: 3/3
  1154 | D:2      | Reached XP level 4. HP: 18/44 MP: 4/4
  1227 | D:2      | Found an iron altar of Okawaru.
  1228 | D:2      | Found an opulent altar of Gozag.
  1228 | D:2      | Found a glowing silver altar of Zin.
  1231 | D:2      | Reached skill level 5 in Throwing
  1235 | D:2      | Found a burning altar of Makhleb.
  1244 | D:2      | Became a worshipper of Warmaster Okawaru
  2222 | D:3      | Noticed Jessica
  2223 | D:3      | Killed Jessica
  2223 | D:3      | Reached skill level 5 in Maces & Flails
  2235 | D:3      | Reached XP level 5. HP: 35/50 MP: 5/5
  2904 | D:4      | Slain by a worker ant

Action                   |  1- 3 |  4- 6 || total
-------------------------+-------+-------++-------
Melee: Club              |    92 |    93 ||   185
       Flail             |       |    29 ||    29
Throw: Large rock        |     8 |    11 ||    19
       Throwing net      |     2 |     1 ||     3
Evoke: Wand              |       |     1 ||     1
  Use: Scroll            |       |     6 ||     6
       Potion            |       |     1 ||     1
  Eat: Chunk             |     1 |     4 ||     5
